 Dungeon Crawl Stone Soup version 0.26-a0-651-gb41185065b (webtiles) character file.

Game seed: 2873821052154087321

1796 miket3c the Cleaver (level 8, -3/106 HPs)
             Began as a Minotaur Berserker on Oct 1, 2020.
             Was a Priest of Trog.
             Slain by a killer bee (6 damage)
             ... on level 8 of the Dungeon.
             The game lasted 00:11:58 (7751 turns).

miket3c the Cleaver (Minotaur Berserker)            Turns: 7751, Time: 00:11:59

Health: -3/106     AC:  7    Str: 32    XL:     8   Next: 83%
Magic:  7/7        EV: 12    Int:  4    God:    Trog [***...]
Gold:   132        SH:  5    Dex: 10    Spells: 7/7 levels left

rFire    . . .     SeeInvis .   s - +0 war axe
rCold    . . .     Faith    .   (no shield)
rNeg     . . .     Spirit   .   y - +0 scale mail
rPois    .         Reflect  +   (helmet restricted)
rElec    .         Harm     .   (no cloak)
rCorr    .         Rampage  .   (no gloves)
MR       .....                  (no boots)
Stlth    ..........             n - amulet of reflection
HPRegen  0.27/turn              d - +6 ring of strength
MPRegen  0.10/turn              (no ring)

@: berserking, lethally poisoned (-3 -> -7), very quick
A: retaliatory headbutt, claws 1, horns 2, strong 1
a: Berserk, Trog's Hand, Renounce Religion


You were on level 8 of the Dungeon.
You worshipped Trog.
Trog was most pleased with you.
You visited 1 branch of the dungeon, and saw 8 of its levels.

You collected 492 gold pieces.
You spent 360 gold pieces at shops.

Inventory:

Hand Weapons
 a - a +0 hand axe
 s - a +0 war axe (weapon)
 H - a +3 dire flail
Missiles
 i - 190 stones (quivered)
Armour
 b - a +0 animal skin
 u - a +0 ring mail
 y - a +0 scale mail (worn)
Jewellery
 c - an uncursed amulet of regeneration
 d - a +6 ring of strength (left claw)
 g - an uncursed amulet of the acrobat
 n - an amulet of reflection (around neck)
 t - an uncursed ring of magical power
 G - an uncursed ring of magical power
Wands
 r - a wand of polymorph (7)
 A - a wand of digging (4)
Scrolls
 h - 4 scrolls of identify
 j - 2 scrolls of enchant armour
 k - a scroll of amnesia {unknown}
 m - 3 scrolls of teleportation
 o - a scroll of magic mapping
 q - a scroll of blinking {unknown}
 x - a scroll of fog {unknown}
 z - a scroll of holy word {unknown}
 B - 4 scrolls of remove curse
 D - a scroll of noise {unknown}
 F - a scroll of immolation {unknown}
Potions
 e - 5 potions of haste
 f - 3 potions of degeneration
 l - a potion of heal wounds
 p - a potion of mutation
 v - a potion of stabbing {unknown}
 w - 3 potions of curing
 C - a potion of brilliance {unknown}
 E - 2 potions of flight


   Skills:
 + Level 6.7 Fighting
 + Level 9.8 Axes
 + Level 5.8 Armour
 + Level 5.0 Dodging
 + Level 2.9 Stealth


You had 7 spell levels left.
You didn't know any spells.
Your spell library was empty.

Dungeon Overview and Level Annotations

Branches:
Dungeon (8/15)             Temple (0/1) D:6
   Lair: D:8-11

Altars:
Dithmenos
Makhleb
Okawaru
Wu Jian
The Shining One

Shops:
D:7 !


Innate Abilities, Weirdness & Mutations

You reflexively headbutt those who attack you in melee.
You have a pair of horns on your head.
You have sharp fingernails.
Your muscles are strong. (Str +2)


Message History

You are no longer poisoned.
You start resting.
A killer bee comes into view.
A killer bee is nearby!
You see here a killer bee corpse.
There is a stone staircase leading down, spattered with blood here.
A killer bee comes into view.
The killer bee stings you.
* * * LOW HITPOINT WARNING * * *
You are lethally poisoned!
The killer bee poisons you!
A red film seems to cover your vision as you go berserk!
You feel yourself moving faster!
You feel mighty!
* * * LOW HITPOINT WARNING * * *
You feel sick.
The killer bee buzzes angrily.
A killer bee comes into view.
The killer bee stings you but does no damage.
The killer bee stings you.
You die...

#.# ..).......
##..
#..........
.?.##..........
#...#..........
....
#.#.#..........
...
..............
...
#.####........#
#.
#..yy.†>......#
#.
########y@....#
##.
#.......#######
#.. #.#####.#
######..
#####.#
#......<
#.....#
#.###...
#)###########
#.# #.#.
#.....[.....#
#.# #.#.
###########.#
#.# #.##
#.#####.# #...


You could see 3 killer bees.

Vanquished Creatures
  Grinder (D:5)
  A black bear (D:6)
  A phantom (D:6)
  3 ogres (D:4)
  A gnoll sergeant (D:6)
  A scorpion (D:5)
  A killer bee (D:8)
  4 wights (D:8)
  A howler monkey (D:6)
  4 hounds
  A bullfrog skeleton (D:7)
  A gnoll shaman (D:7)
  2 orc priests
  A centaur skeleton (D:4)
  Ijyb (D:5)
  3 iguanas
  5 worker ants
  A howler monkey zombie (D:5)
  10 gnolls
  5 adders
  4 white imps
  2 ufetubi
  2 oozes
  4 worms
  A dart slug (D:3)
  3 leopard geckos
  9 orcs
  6 bats
  4 giant cockroaches
  9 goblins
  5 hobgoblins
  9 jackals
  2 quokkas
  3 ball pythons
  A ball python skeleton (D:5)
  3 frilled lizards
  A jackal zombie (D:5)
  6 kobolds
  A leopard gecko skeleton (D:8)
  A leopard gecko zombie (D:5)
  16 rats
140 creatures vanquished.

Notes
Turn   | Place    | Note
-------+----------+-------------------------------------------
     0 | D:1      | miket3c the Minotaur Berserker began the quest for the Orb.
     0 | D:1      | Reached XP level 1. HP: 19/19 MP: 0/0
   434 | D:1      | Reached skill level 4 in Axes
   434 | D:1      | Reached XP level 2. HP: 13/27 MP: 1/1
  1425 | D:2      | Reached ** piety under Trog
  1425 | D:2      | Reached XP level 3. HP: 33/33 MP: 2/2
  2434 | D:3      | Reached XP level 4. HP: 41/41 MP: 3/3
  2770 | D:3      | Reached skill level 5 in Axes
  2866 | D:3      | Reached XP level 5. HP: 47/47 MP: 4/4
  2949 | D:3      | Reached skill level 1 in Stealth
  3383 | D:4      | Reached skill level 5 in Fighting
  3681 | D:4      | Noticed an ogre
  3745 | D:4      | Killed an ogre
  3745 | D:4      | Reached skill level 6 in Axes
  3745 | D:4      | Reached XP level 6. HP: 38/56 MP: 5/5
  4263 | D:4      | Reached skill level 7 in Axes
  4274 | D:4      | Reached XP level 7. HP: 46/61 MP: 6/6
  4673 | D:5      | Entered Level 5 of the Dungeon
  4709 | D:5      | Reached *** piety under Trog
  4842 | D:5      | Noticed Grinder
  4848 | D:5      | Paralysed by Grinder for 7 turns
  4858 | D:5      | Killed Grinder
  4858 | D:5      | Reached skill level 8 in Axes
  5171 | D:5      | Found a glowing drain.
  5239 | D:5      | Reached XP level 8. HP: 70/70 MP: 7/7
  5277 | D:5      | Noticed Ijyb
  5284 | D:5      | Killed Ijyb
  5347 | D:5      | Found a shadowy altar of Dithmenos.
  6186 | D:6      | Reached skill level 9 in Axes
  6523 | D:6      | Found a staircase to the Ecumenical Temple.
  6613 | D:6      | Found a burning altar of Makhleb.
  6799 | D:6      | Found an iron altar of Okawaru.
  6799 | D:6      | Found a faded altar of an unknown god.
  6804 | D:6      | Found an ornate altar of the Wu Jian Council.
  6806 | D:6      | Found a glowing golden altar of the Shining One.
  6809 | D:6      | Found a faded altar of an unknown god.
  6898 | D:7      | Found Sysunuips's Distillery.
  6907 | D:7      | Bought a potion of heal wounds for 75 gold pieces
  6907 | D:7      | Bought 2 potions of mutation for 240 gold pieces
  6907 | D:7      | Bought a potion of curing for 45 gold pieces
  6907 | D:7      | Gained mutation: Your muscles are strong. (Str +2) [potion
                  | of mutation]
  6907 | D:7      | Gained mutation: You have sharp fingernails. [potion of
                  | mutation]
  7253 | D:7      | Reached skill level 5 in Armour
  7627 | D:8      | Reached skill level 5 in Dodging
  7750 | D:8      | HP: 2/71 [killer bee (4)]
  7751 | D:8      | Slain by a killer bee

Illustrated notes

Levels and vault maps discovered:
D:1:      dpeg_arrival_water_fire, layout_basic
D:2:      layout_basic, nrook_campfire
D:3:      layout_basic, minmay_cut_off
D:4:      layout_cave_pools
D:5:      layout_loops_ring, portal_sewer_entry_b, grunt_ministairs_12,
          nicolae_dithmenos_through_a_glass_darkly, uniq_ijyb, uniq_grinder
D:6:      layout_loops_ring, chequers_temple_overflow_minitemple,
          lemuel_temple_firewalk_a, enter_ossuary_5, basic_altar
D:7:      layout_loops_cross, serial_shops, shop
D:8:      layout_basic, uniq_gastronok

Skill      XL: |  1  2  3  4  5  6  7  8 |
---------------+-------------------------+-----
Axes           | 4 5 6 7 8 9 |  9.8
Fighting       | 4 5 6 |  6.7
Dodging        | 3 4 5 |  5.0
Stealth        | 1 2 |  2.9
Armour         | 3 5 |  5.8

Action                   |  1- 3 |  4- 6 |  7- 9 || total
-------------------------+-------+-------+-------++-------
Melee: Hand axe          |   101 |    20 |       ||   121
       Headbutt          |    13 |     9 |    24 ||    46
       War axe           |       |    46 |   136 ||   182
Invok: Berserk           |     1 |     1 |     4 ||     6
       Trog's Hand       |       |       |     2 ||     2
  Use: Scroll            |       |     5 |     6 ||    11
       Potion            |       |       |     1 ||     1
 Stab: Sleeping          |     1 |     1 |       ||     2
Armor: Animal skin       |    15 |     7 |       ||    22
       Ring mail         |       |     4 |     6 ||    10
       Scale mail        |       |       |    23 ||    23
Dodge: Dodged            |    75 |    52 |    79 ||   206
Block: Other             |       |     9 |    26 ||    35
       Reflection        |       |       |     1 ||     1

Table legend: (Time is in decaauts)
 A = Elapsed time spent in this place.
 B = Non-inter-level travel time spent in this place.
 C = Inter-level travel time spent in this place.
 D = Time resting spent in this place.
 E = Time spent auto-exploring this place.
 F = Levels seen in this place.
 G = Mean time per level.
                   A        B        C        D        E       F      G
               +--------+--------+--------+--------+--------+-----+--------+
         Total |   7821 |   7638 |    183 |   1642 |   5116 |   8 |  977.6 |
       Dungeon |   7821 |   7638 |    183 |   1642 |   5116 |   8 |  977.6 |
               +--------+--------+--------+--------+--------+-----+--------+

Top non-repeatable levels by time:
     D:1: 1351 daAuts
     D:4: 1279 daAuts
     D:6: 1238 daAuts
     D:3: 1157 daAuts
     D:5: 1022 daAuts
     D:2: 919 daAuts
     D:7: 680 daAuts
     D:8: 173 daAuts
